 Dungeon Crawl Stone Soup version 0.23.0-3-gf3c87f2 (webtiles) character file.

Game seed: 18260960238764170767

58 misha the Poker (level 4, -1/34 HPs)
             Began as a Merfolk Gladiator on Feb 23, 2019.
             Slain by a centaur (3 damage)
             ... on level 2 of the Dungeon.
             The game lasted 00:03:57 (1695 turns).

misha the Poker (Merfolk Gladiator)                 Turns: 1695, Time: 00:03:58

Health: -1/34      AC:  5    Str: 15    XL:     4   Next: 1%
Magic:  4/4        EV: 14    Int:  7    God:
Gold:   67         SH:  0    Dex: 15    Spells: 3/3 levels left

rFire    . . .     SeeInvis .   a - +0 trident
rCold    . . .     Gourm    .   (no shield)
rNeg     . . .     Faith    .   b - +0 leather armour
rPois    .         Spirit   .   c - +0 helmet
rElec    .         Reflect  .   (no cloak)
rCorr    .         Harm     .   j - +0 pair of gloves
MR       .....                  (no boots)
Stlth    +.........             (no amulet)
HPRegen  0.11/turn              (no ring)
MPRegen  0.09/turn              (no ring)

@: no status effects
A: change form in water, swift swim, stealthy swim
a: no special abilities


You were on level 2 of the Dungeon.
You were hungry.

You visited 1 branch of the dungeon, and saw 2 of its levels.

You collected 67 gold pieces.

Inventory:

Hand Weapons
 a - a +0 trident (weapon)
Missiles
 d - 2 throwing nets (quivered)
 h - 48 stones
 i - 23 poisoned needles
 k - 29 arrows
 l - 17 bolts
Armour
 b - a +0 leather armour (worn)
 c - a +0 helmet (worn)
 j - a +0 pair of gloves (worn)
Jewellery
 p - a +2 ring of evasion {unknown}
Scrolls
 n - a scroll of fear {unknown}
 o - a scroll of identify {unknown}
 q - a scroll of blinking {unknown}
 r - a scroll of magic mapping {unknown}
Potions
 e - 2 potions of flight {unknown}
 g - a potion of might {unknown}
 m - a potion of haste {unknown}
Comestibles
 f - 6 rations


   Skills:
 + Level 2.6 Fighting
 + Level 5.4 Polearms
 + Level 2.0 Throwing
 + Level 0.6 Armour
 + Level 4.9 Dodging


You had 3 spell levels left.
You didn't know any spells.
Your spell library was empty.

Dungeon Overview and Level Annotations

Branches:
Dungeon (2/15)

Altars:
Elyvilon
Qazlal


Message History

Throwing (i - inventory. (/) - cycle)
d - 3 throwing nets (quivered)
Press: ? - help, Shift-Dir - straight line, f - centaur
Aim: a centaur, wielding a +0 shortbow You throw a throwing net.
The throwing net hits the centaur.
The centaur is caught in the net!
The centaur struggles against the net. x2
You are too injured to fight recklessly!
You are too injured to fight recklessly!
You are too injured to fight recklessly!
The centaur struggles against the net.
The net rips apart, and the centaur comes free!
There is a shaft here.
The centaur unwields a +0 shortbow.
The centaur barely misses you. The centaur closely misses you.
You are too injured to fight recklessly!
You hit the centaur but do no damage. The centaur hits you.
* * * LOW HITPOINT WARNING * * *
You are too injured to fight recklessly!
You hit the centaur but do no damage. The centaur misses you.
The centaur hits you.
You die...

#.####### # #.#
##...#.#
###.##.#####......#
#.........>..^....#
#.####..####......#
# #≈..^.^≈^.....#.##
#.≈#^...^≈##.#.#...#
#.≈≈^.≈..#^#c.......
#.§###≈.≈#.^@.#
#...^.^.((((^.#
#......_......#
##..^....(§...#
#.≈##^.≈≈#.^.# #.≈
#§..^#.≈.# #(
#≈.≈#^≈≈.# #
^≈^...≈...#
###......##


You could see a centaur.

Vanquished Creatures
  An adder (D:2)
  An ooze (D:2)
  2 ball pythons (D:2)
  6 bats
  3 giant cockroaches
  5 hobgoblins
  4 jackals (D:1)
  3 kobolds
  A quokka (D:2)
  A frilled lizard (D:1)
  6 goblins
  8 rats
41 creatures vanquished.

Vanquished Creatures (others)
  5 toadstools (D:1)
5 creatures vanquished.

Grand Total: 46 creatures vanquished

Notes
Turn   | Place    | Note
-------+----------+-------------------------------------------
     0 | D:1      | misha the Merfolk Gladiator began the quest for the Orb.
     0 | D:1      | Reached XP level 1. HP: 16/16 MP: 1/1
   363 | D:1      | Reached XP level 2. HP: 22/22 MP: 2/2
   789 | D:1      | Reached XP level 3. HP: 28/28 MP: 3/3
  1045 | D:2      | Reached skill level 5 in Polearms
  1359 | D:2      | Noticed a centaur
  1469 | D:2      | Found a white marble altar of Elyvilon.
  1495 | D:2      | Reached XP level 4. HP: 32/34 MP: 4/4
  1675 | D:2      | Found a stormy altar of Qazlal.
  1695 | D:2      | Slain by a centaur

Skill      XL: |  1  2  3 |
---------------+----------+-----
Polearms       | 5 |  5.4
Fighting       | |  2.6
Throwing       | |  2.0
Armour         | |  0.6
Dodging        | |  4.9

Action                   |  1- 3 |  4- 6 || total
-------------------------+-------+-------++-------
Melee: Trident           |   130 |     4 ||   134
       Tailslap          |     1 |       ||     1
Throw: Throwing net      |       |     1 ||     1
 Stab: Sleeping          |     2 |       ||     2
  Eat: Chunk             |     2 |       ||     2
Armor: Leather armour    |    58 |     1 ||    59
Dodge: Dodged            |   153 |     5 ||   158
